 Dungeon Crawl Stone Soup version 0.22-a0-322-g60b3cfd (webtiles) character file.

42 b5mith the Skirmisher (level 3, -5/39 HPs)
             Began as an Ogre Hunter on Apr 2, 2018.
             Slain by Sigmund
             ... wielding a +0 scythe
              (8 damage)
             ... on level 2 of the Dungeon.
             The game lasted 00:03:36 (1031 turns).

b5mith the Skirmisher (Ogre Hunter)                 Turns: 1031, Time: 00:03:37

Health: -5/39      AC:  3    Str: 16    XL:     3   Next: 56%
Magic:  3/3        EV: 10    Int: 12    God:
Gold:   6          SH:  0    Dex: 10    Spells: 2/2 levels left

rFire    . . .     SeeInvis .   a - +1 hand crossbow
rCold    . . .     Gourm    .   (no shield)
rNeg     . . .     Faith    .   c - +0 robe
rPois    .         Spirit   .   (helmet restricted)
rElec    .         Reflect  .   (no cloak)
rCorr    .         Harm     .   (gloves unavailable)
MR       .....                  (boots unavailable)
Stlth    +.........             (no amulet)
HPRegen  0.13/turn              (no ring)
MPRegen  0.08/turn              (no ring)

@: confused
A: large, unfitting armour, tough skin 1
a: no special abilities


You were on level 2 of the Dungeon.
You were not hungry.

You visited 1 branch of the dungeon, and saw 2 of its levels.

You collected 6 gold pieces.

Inventory:

Hand Weapons
 a - a +1 hand crossbow (weapon)
 b - a +0 short sword
 g - a +0 dagger
 l - a +2 dagger of speed
Missiles
 d - 5 bolts (quivered)
 e - 3 tomahawks
Armour
 c - a +0 robe (worn)
Scrolls
 j - a scroll of teleportation {unknown}
 m - a scroll of fog {unknown}
 o - a scroll of remove curse {unknown}
Potions
 i - a potion of berserk rage {unknown}
 k - a potion of heal wounds {unknown}
 n - a potion of curing {unknown}
Comestibles
 f - 2 rations
 h - 5 chunks of flesh


   Skills:
 + Level 3.6 Fighting
 + Level 3.3 Crossbows
 + Level 2.4 Dodging
 - Level 0.6 Stealth


You had 2 spell levels left.
You didn't know any spells.

Dungeon Overview and Level Annotations

Branches:
Dungeon (2/15)

Altars:
Ru

Annotations:
D:2 Sigmund


Innate Abilities, Weirdness & Mutations

You are too large for most types of armour.
You have tough skin. (AC +1)


Message History

Really target yourself?
Okay, then.
Throwing (i - inventory)
e - 4 tomahawks (quivered)
Press: ? - help, Shift-Dir - straight line You throw a tomahawk.
Something hits you!
* * * LOW HITPOINT WARNING * * *
a - a +1 hand crossbow (weapon)
Firing (i - inventory. (/) - cycle)
d - 7 bolts (quivered)
Press: ? - help, Shift-Dir - straight line, f - you Really target yourself? [Y]es or [N]o only, please.
Really target yourself?
Okay, then.
Firing (i - inventory. (/) - cycle)
d - 7 bolts (quivered)
Press: ? - help, Shift-Dir - straight line You shoot a bolt.
Something hits you but does no damage.
Firing (i - inventory. (/) - cycle)
d - 6 bolts (quivered)
Press: ? - help, Shift-Dir - straight line You shoot a bolt.
Something hits you!
You die...

.. #.# .. ### . #(. ..# ..
#.####.# ... ###....#.# .... #
#......#.# .....
..###......#.##.(....
......._....(@((.(.((
.#......#####....(. #......#
######### #....### #....#
######### ...####.# #.##.#
#<......#
........#####.##.###########.#
...####.......#.......# #.#
###############.# #..
#########.# ######


There were no monsters in sight!

Vanquished Creatures
  An ooze (D:1)
  A worm (D:2)
  2 dart slugs (D:1)
  A leopard gecko (D:1)
  4 bats (D:1)
  2 giant cockroaches (D:1)
  3 goblins
  4 hobgoblins (D:1)
  2 jackals (D:2)
  4 kobolds
  A ball python (D:1)
  A frilled lizard (D:2)
  2 rats
28 creatures vanquished.

Notes
Turn   | Place    | Note
-------+----------+-------------------------------------------
     0 | D:1      | b5mith the Ogre Hunter began the quest for the Orb.
     0 | D:1      | Reached XP level 1. HP: 22/22 MP: 1/1
    59 | D:1      | Reached XP level 2. HP: 31/31 MP: 2/2
   435 | D:1      | Reached XP level 3. HP: 37/37 MP: 3/3
  1004 | D:2      | Found a sacrificial altar of Ru.
  1018 | D:2      | Noticed Sigmund
  1031 | D:2      | Slain by Sigmund

Vault maps used:
D:1:      co_arrival_square_in_a_square_in_a_square
D:2:      nicolae_overflow_crystal_walls, uniq_sigmund

Skill      XL: |  1 |
---------------+----+-----
Crossbows      | 3 |  3.3
Fighting       | 3 |  3.6
Dodging        | 2 |  2.4
Stealth        | |  0.6

Action                   || total
-------------------------++-------
Melee: Short sword       ||    13
 Fire: Hand crossbow     ||    57
Throw: Tomahawk          ||     3
Armor: Robe              ||    12
Dodge: Dodged            ||    11

Table legend:
 A = Spawn XP
 B = Non-spawn XP
 C = Spawn XP percentage of total XP
 D = Spawn monster count
 E = Non-spawn monster count
 F = Spawn count percentage of total count
 G = Total turns spent on level
                    A         B        C        D         E        F      G
               +---------+---------+-------+---------+---------+-------+---------
         Total |       0 |      61 |   0.0 |       0 |      28 |   0.0 |  1031
               +---------+---------+-------+---------+---------+-------+---------
           D:1 |       0 |      46 |   0.0 |       0 |      21 |   0.0 |   858
           D:2 |       0 |      15 |   0.0 |       0 |       7 |   0.0 |   173
               +---------+---------+-------+---------+---------+-------+---------
